 Dungeon Crawl Stone Soup version 0.30-a0-778-g2ef04afb54 (webtiles) character file.

Game seed: 9041920710053597027

4109 themarg the Anamnesiscian (level 10, -3/66 HPs)
             Began as a Demonspawn Fire Elementalist on Feb 17, 2023.
             Was an Elder of Hepliaklqana.
             Killed from afar by an acid dragon (16 damage)
             ... with a splash of acid
             ... on level 9 of the Dungeon.
             The game lasted 00:25:48 (7763 turns).

themarg the Anamnesiscian (DsFE)                    Turns: 7763, Time: 00:25:48

Health: -3/66      AC: 13    Str: 13    XL:     10   Next: 6%
Magic:  22/26      EV: 28    Int: 20    God:    Hepliaklqana [****..]
Gold:   704        SH:  0    Dex: 13    Spells: 11/14 levels left

rFire   . . .      SeeInvis .    b - +2 arbalest of Capital Punishment {penet, Will+ MP+9 Str+3}
rCold   + . .      Faith    .    (shield currently unavailable)
rNeg    . . .      Spirit   .    a - +3 leather armour
rPois   .          Reflect  .    (no helmet)
rElec   .          Harm     .    B - +1 cloak {Stlth+}
rCorr   .          Rampage  .    D - +0 pair of gloves
Will    ++...                    E - +0 pair of boots
Stlth   +++                      y - amulet of the acrobat
HPRegen 0.31/turn                e - ring of willpower
MPRegen 0.40/turn                W - ring of protection from cold

@: about to teleport, acrobatic
A: reduced essence, slimy green scales 2, magic regeneration, demonic touch 2
a: Renounce Religion, Recall Ancestor, Ancestor Identity, Transference, Idealise


You were on level 9 of the Dungeon.
You worshipped Hepliaklqana.
Hepliaklqana was greatly pleased with you.
You visited 1 branch of the dungeon, and saw 9 of its levels.
You also visited: Ossuary.

You collected 704 gold pieces.

Inventory:

Hand Weapons
 b - the +2 arbalest of Capital Punishment (weapon) {penet, Will+ MP+9 Str+3}
   (You found it on level 2 of the Dungeon)

   Str:       It affects your strength (+3).
   MP:        It affects your magic capacity (+9).
   Will:      It increases your willpower.
Missiles
 d - 80 stones
 h - 5 datura-tipped darts
 k - 4 atropa-tipped darts
 C - 18 poisoned darts
 J - 3 boomerangs of dispersal
 L - 2 silver boomerangs
 R - 2 boomerangs
 V - 2 curare-tipped darts
Armour
 a - a +3 leather armour (worn)
 B - a +1 cloak of stealth (worn)
 D - a +0 pair of gloves (worn)
 E - a +0 pair of boots (worn)
Magical Staves
 F - a staff of fire
Jewellery
 e - a ring of willpower (left hand)
 y - an amulet of the acrobat (around neck)
 K - an amulet of faith
 W - a ring of protection from cold (right hand)
 Y - a ring of wizardry
Wands
 X - a wand of flame (20)
Scrolls
 f - 3 scrolls of immolation {unknown}
 i - a scroll of identify
 o - 4 scrolls of enchant armour {unknown}
 p - a scroll of teleportation
 r - 3 scrolls of magic mapping {unknown}
 s - 5 scrolls of fog {unknown}
 t - a scroll of silence {unknown}
 u - 2 scrolls of acquirement {unknown}
 w - 2 scrolls of fear {unknown}
 x - a scroll of amnesia {unknown}
 H - a scroll of blinking {unknown}
 M - a scroll of brand weapon {unknown}
 O - 2 scrolls of vulnerability {unknown}
 P - 2 scrolls of poison {unknown}
 T - 3 scrolls of enchant weapon {unknown}
 U - a scroll of noise {unknown}
Potions
 c - 14 potions of curing
 g - 3 potions of might
 j - 4 potions of brilliance
 l - 3 potions of haste
 m - 5 potions of mutation
 n - 2 potions of heal wounds
 q - 2 potions of cancellation {unknown}
 v - 2 potions of magic
 z - 2 potions of resistance {unknown}
 G - 3 potions of flight {unknown}
 I - a potion of attraction {unknown}
 N - 3 potions of invisibility {unknown}
 Q - a potion of ambrosia {unknown}


   Skills:
 - Level 5.0 Fighting
 - Level 5.0 Ranged Weapons
 - Level 5.0 Dodging
 - Level 2.0 Stealth
 - Level 2.5 Spellcasting
 - Level 1.0 Conjurations
 * Level 4.4 Hexes
 - Level 5.0 Fire Magic
 * Level 4.0 Earth Magic
 + Level 9.9 Invocations


You had 11 spell levels left.
You knew the following spells:

 Your Spells              Type           Power      Damage    Failure   Level
a - Foxfire               Conj/Fire      56%        2x1d6     5%          1
b - Scorch                Fire           44%        2d7       3%          2

Your spell library contained the following spells:

 Spells                   Type           Power      Damage    Failure   Level
 Inner Flame              Hex/Fire       21%        N/A       9%          3
 Necrotise                Necr           8%         1d4       19%         1
 Portal Projectile        Hex/Tloc       22%        N/A       22%         3
 Momentum Strike          Conj/Tloc      8%         3d8       24%         2
 Blink                    Tloc           4%         N/A       28%         2
 Lesser Beckoning         Tloc           4%         N/A       28%         2
 Ignite Poison            Fire/Tmut/Pois 9%         N/A       28%         3
 Kindle Blastsparks       Fire/Tloc/Air  18%        2d11      28%         3
 Leda's Liquefaction      Hex/Erth       9%         N/A       32%         4
 Call Canine Familiar     Summ           2%         N/A       50%         3
 Vampiric Draining        Necr           2%         2d6       50%         3
 Flame Wave               Conj/Fire      14%        2d6       50%         4
 Animate Armour           Summ/Erth      20%        N/A       63%         4
 Manifold Assault         Tloc           2%         N/A       88%         4
 Passage of Golubria      Tloc           2%         N/A       88%         4
 Silence                  Hex/Air        5%         N/A       91%         5
 Agony                    Necr           2%         N/A       99%         5
 Blade Hands              Tmut           1%         N/A       99%         5
 Freezing Cloud           Conj/Ice/Air   1%         6-21      99%         5
 Dispersal                Tloc           1%         N/A       100%        6
 Iron Shot                Conj/Erth      6%         9d2       100%        6
 Disjunction              Tloc           1%         N/A       100%        8
 Lehudib's Crystal Spear  Conj/Erth      6%         10d3      100%        8


Dungeon Overview and Level Annotations

Branches:
Dungeon (9/15)             Temple (0/1) D:4         Ossuary (visited)
   Lair: D:8-11         Orc: D:9-12

Altars:
Cheibriados
Gozag
Hepliaklqana
Qazlal
Ru
Vehumet
Xom
Yredelemnul

Annotations:
D:3 Pargi
D:6 1 runed translucent door, exclusion: door, Darius099's ghost, novice MiFi


Innate Abilities, Weirdness & Mutations

Your life essence is reduced to manifest your ancestor. (-10% HP)
You are mostly covered in slimy green scales. (AC +3)
You regenerate magic rapidly.
Your touch may inflict irresistible damage on your foes.


Message History

* * * LOW HITPOINT WARNING * * *
You hear a shout!
Okay, then.
You feel much better.
You are engulfed in a cloud of scalding steam.
The centaur barely misses you. The centaur misses you.
GUANA closely misses the wyvern.
The acid dragon closely misses you. x2
The steam dragon barely misses you. The steam dragon closely misses you.
The acid dragon attacks as you move away!
The acid dragon closely misses you.
The acid dragon claws you but does no damage.
The centaur wields a +0 shortbow.
The centaur shoots an arrow.
The arrow misses you.
Flames lash the centaur.
You kill the centaur!
GUANA closely misses the wyvern.
The acid dragon bites you. The acid dragon barely misses you.
The steam dragon bites you!
The steam dragon claws you but does no damage.
Your Earth Magic skill increases to level 4!
Flames lash the acid dragon.
The acid dragon is heavily wounded.
The acid dragon's fire resistance burns away.
An orc comes into view. It is wielding a +0 club.
The acid dragon bites you. The acid dragon misses you.
The steam dragon bites you. The steam dragon claws you.
As you read the scroll of teleportation, it crumbles to dust.
You feel strangely unstable.
GUANA hits the kobold brigand with a +0 flail!
The acid dragon completely misses you.
The acid dragon claws you but does no damage.
The steam dragon breathes steam at you. The ball of steam hits you!
* * * LOW HITPOINT WARNING * * *
An orc comes into view. It is wielding a +0 club.
You hear a shout! x2
Found a potion of curing.
GUANA closely misses the kobold brigand.
The acid dragon spits acid at you. The splash of acid hits you!
You die...

##.# .. . .).##. ..
#.... #.. (...# ..
#R#.# #
#.###Kl.###.. #.
#...DDc.....#
#.#####§##..#..#
#....@§....... .
#.....§.......$
..#o....###..####
.o......# .>...
.8......###########
..................#
.
..####+##########.#
. .! #.# #.# .##
#.# #.#


You could see the friendly GUANA the knight (idealised), a steam dragon
(catching breath, ally target), a wyvern, an acid dragon (catching breath,
combustible), a kobold brigand, a centaur and 2 orcs.

Vanquished Creatures
  Grinder (D:3)
  Sigmund (D:2)
  2 yaks (D:8)
  A water moccasin (D:7)
  A black bear (D:9)
  2 sky beasts
  3 centaurs
  A kobold brigand (D:7)
  3 bullfrogs
  A scorpion (D:6)
  3 killer bees
  3 hounds
  2 orc priests (D:7)
  Crazy Yiuf (D:2)
  Terence (D:3)
  An iguana (D:5)
  2 orc wizards (D:7)
  6 mummies (Ossuary)
  8 adders
  8 gnolls
  A white imp (D:8)
  2 worms (D:2)
  A dart slug (D:2)
  31 orcs
  3 ball pythons
  6 endoplasms
  3 giant cockroaches
  7 goblins
  4 hobgoblins
  5 jackals
  A quokka (D:1)
  4 bats
  6 frilled lizards
  2 gnoll zombies (Ossuary)
  11 kobolds
  3 kobold zombies (Ossuary)
  6 rats
147 creatures vanquished.

Vanquished Creatures (collateral kills)
  2 yaks (D:8)
  2 orc warriors
  A black bear (D:6)
  2 ice beasts (D:6)
  2 centaurs (D:8)
  2 kobold brigands
  3 bullfrogs
  3 killer bees (D:8)
  A hound (D:6)
  2 orc priests
  4 iguanas
  6 orc wizards
  2 mummies (Ossuary)
  A gnoll (D:3)
  A shadow imp (D:7)
  15 orcs
  A gnoll zombie (Ossuary)
  A jackal (D:5)
  5 kobolds (D:7)
  A hobgoblin zombie (Ossuary)
  A kobold zombie (Ossuary)
  A foxfire (D:1)
59 creatures vanquished.

Vanquished Creatures (others)
  2 ancestors
  42 foxfires
  3 fungi (D:9)
  6 plants
53 creatures vanquished.

Grand Total: 259 creatures vanquished

Notes
Turn   | Place    | Note
-------+----------+-------------------------------------------
     0 | D:1      | themarg the Demonspawn Fire Elementalist began the quest
                  | for the Orb.
     0 | D:1      | Reached XP level 1. HP: 13/13 MP: 3/3
   246 | D:1      | Gained mutation: You regenerate magic rapidly. [demonic
                  | ancestry]
   246 | D:1      | Reached XP level 2. HP: 19/19 MP: 3/5
   249 | D:1      | Learned a level 2 spell: Scorch
   843 | D:2      | Noticed Sigmund
   874 | D:2      | Reached XP level 3. HP: 24/24 MP: 1/6
  1305 | D:2      | Found a runed translucent door.
  1306 | D:2      | Noticed Crazy Yiuf
  1523 | D:2      | Gained mutation: Your touch may inflict minor irresistible
                  | damage on your foes. [demonic ancestry]
  1523 | D:2      | Reached XP level 4. HP: 30/30 MP: 2/7
  1611 | D:2      | Identified the +2 arbalest of Capital Punishment {penet,
                  | Will+ MP+9 Str+3}
  1782 | D:2      | Found a faded altar of an unknown god.
  1801 | D:2      | Prayed at the altar of an unknown god.
  1801 | D:2      | Became a worshipper of Hepliaklqana the Forgotten
  1801 | D:2      | Reached * piety under Hepliaklqana
  2181 | D:2      | Killed Crazy Yiuf
  2294 | D:2      | Killed Sigmund
  2295 | D:2      | Reached skill level 5 in Fire Magic
  2295 | D:2      | Gained mutation: You are partially covered in slimy green
                  | scales. (AC +2) [demonic ancestry]
  2295 | D:2      | Reached XP level 5. HP: 22/31 MP: 8/8
  2295 | D:2      | Reached XP level 6. HP: 26/36 MP: 9/9
  2492 | D:3      | Noticed Terence
  2500 | D:3      | Killed Terence
  2690 | D:3      | Found an opulent altar of Gozag.
  2837 | D:3      | Noticed Pargi
  2903 | D:3      | Reached skill level 1 in Fighting
  3002 | D:3      | Noticed Grinder
  3006 | D:3      | Killed Grinder
  3007 | D:3      | Gained mutation: You are mostly covered in slimy green
                  | scales. (AC +3) [demonic ancestry]
  3007 | D:3      | Reached XP level 7. HP: 45/45 MP: 10/10
  3149 | D:4      | Found a stormy altar of Qazlal.
  3202 | D:4      | Found a staircase to the Ecumenical Temple.
  3219 | D:4      | Found a radiant altar of Vehumet.
  3378 | D:4      | Found a shimmering altar of Xom.
  3428 | D:4      | Found a basalt altar of Yredelemnul.
  3603 | D:4      | Reached ** piety under Hepliaklqana
  3604 | D:4      | Remembered your ancestor GUANA as a knight
  3865 | D:5      | Entered Level 5 of the Dungeon
  4004 | D:5      | Reached skill level 5 in Dodging
  4252 | D:5      | Found a snail-covered altar of Cheibriados.
  4259 | D:5      | Found a hazy altar of Hepliaklqana.
  4412 | D:6      | Reached skill level 1 in Ranged Weapons
  4478 | D:6      | Reached skill level 5 in Fighting
  4478 | D:6      | Reached XP level 8. HP: 39/55 MP: 11/11
  4492 | D:6      | Reached *** piety under Hepliaklqana
  4497 | D:6      | Found a sand-covered staircase.
  4505 | Ossuary  | Entered an ossuary
  4822 | D:6      | Reached skill level 5 in Ranged Weapons
  4935 | D:6      | Reached skill level 1 in Invocations
  4969 | D:6      | Reached skill level 3 in Invocations
  5010 | D:6      | Reached skill level 4 in Invocations
  5136 | D:6      | Reached skill level 5 in Invocations
  5171 | D:6      | Found a runed translucent door.
  5174 | D:6      | Noticed Darius099's ghost (novice MiFi)
  5332 | D:7      | Reached skill level 6 in Invocations
  5401 | D:7      | Gained mutation: Your touch may inflict irresistible damage
                  | on your foes. [demonic ancestry]
  5401 | D:7      | Reached XP level 9. HP: 21/61 MP: 13/13
  5928 | D:7      | Reached skill level 7 in Invocations
  6054 | D:7      | Reached skill level 8 in Invocations
  6317 | D:7      | Found a sacrificial altar of Ru.
  6495 | D:8      | Reached skill level 9 in Invocations
  6500 | D:8      | Reached skill level 1 in Hexes
  6500 | D:8      | Reached skill level 1 in Earth Magic
  6675 | D:8      | Identified the +5 quarterstaff of Fragile Peace {freeze,
                  | *Corrode rC- rN+++ Will+}
  6698 | D:8      | Reached **** piety under Hepliaklqana
  7577 | D:9      | Identified the +3 ring mail of Proximity {rN+}
  7593 | D:9      | Reached XP level 10. HP: 44/66 MP: 17/17
  7763 | D:9      | Killed from afar by an acid dragon

Illustrated notes

Levels and vault maps discovered:
D:1:      eino_arrival_druids_welcome, layout_rooms, minmay_tripent
D:2:      minmay_razor_zed, layout_basic, shapermc_ecumenical_altar_flowoftime,
          uniq_sigmund, uniq_crazy_yiuf_cottage
D:3:      layout_basic, nicolae_tso_swordbearing_angel,
          nicolae_gozag_seed_capital, uniq_terence, uniq_pargi, uniq_grinder,
          uniq_ijyb
D:4:      layout_gridville, mainiacjoe_overflow_cross_hatched,
          grunt_qazlal_sundering, lemuel_doored_altar, amcnicky_altar_gilded,
          minmay_temple_entry_enclosed_plants, serial_bayou_crossing
D:5:      layout_cave_pools, amethyst_overflow_temple_binary,
          mainiacjoe_overflow_small_starburst
D:6:      layout_loops_ring, nicolae_ossuary_entry_plus, ebering_ghost_sewer_d,
          st_stairs_13
D:7:      layout_basic, nicolae_ru_great_annihilating_truth
D:8:      layout_loops_corners, kennysheep_vampire_church
D:9:      layout_basic, grunt_lair_entry_orc_guard_hut, david_orc_2,
          minmay_fractal_squares_5

Skill      XL: |  1  2  3  4  5  6  7  8  9 10 |
---------------+-------------------------------+-----
Stealth        | 2 |  2.0
Fire Magic     | 3 4 5 |  5.0
Dodging        | 3 4 5 |  5.0
Fighting       | 2 5 |  5.0
Ranged Weapons | 2 5 |  5.0
Invocations    | 6 9 |  9.9
Hexes          | 4 |  4.4
Earth Magic    | 3 4 |  4.0
Spellcasting   | |  2.5
Conjurations   | |  1.0

Action                     |  1- 3 |  4- 6 |  7- 9 | 10-12 || total
---------------------------+-------+-------+-------+-------++-------
  Melee: Dagger            |    31 |    14 |       |       ||    45
         Punch             |     1 |       |       |       ||     1
         Touch             |       |     4 |       |       ||     4
   Fire: Arbalest          |       |    19 |   216 |     6 ||   241
   Cast: Foxfire           |    27 |     1 |       |       ||    28
         Scorch            |    26 |    26 |    14 |     3 ||    69
 Invoke: Ancestor Identity |       |     1 |       |       ||     1
         Ancestor Life: Kn |       |       |     1 |       ||     1
         Idealise          |       |       |       |     1 ||     1
    Use: Scroll            |       |       |     8 |     1 ||     9
         Potion            |       |       |       |     1 ||     1
 Armour: Robe              |     4 |     4 |    27 |       ||    35
         Leather armour    |       |       |       |     8 ||     8
  Dodge: Dodged            |    26 |     6 |    52 |    22 ||   106

Table legend: (Time is in decaauts)
 A = Elapsed time spent in this place.
 B = Non-inter-level travel time spent in this place.
 C = Inter-level travel time spent in this place.
 D = Time resting spent in this place.
 E = Time spent auto-exploring this place.
 F = Levels seen in this place.
 G = Mean time per level.
                   A        B        C        D        E       F      G
               +--------+--------+--------+--------+--------+-----+--------+
         Total |   7947 |   7535 |    412 |    576 |   5543 |  10 |  794.7 |
       Dungeon |   7754 |   7342 |    412 |    573 |   5501 |   9 |  861.6 |
       Ossuary |    193 |    193 |      0 |      3 |     42 |   1 |  193.0 |
               +--------+--------+--------+--------+--------+-----+--------+

Top non-repeatable levels by time:
     D:2: 1559 daAuts
     D:7: 1264 daAuts
     D:8: 1013 daAuts
     D:4: 805 daAuts
     D:1: 801 daAuts
     D:3: 783 daAuts
     D:6: 773 daAuts
     D:5: 543 daAuts
     D:9: 211 daAuts
 Ossuary: 193 daAuts
